Map: Catalyst LE

Players

Reach - Winner!

  • Race: Terran Terran
  • Spawn Location: 11:00

AutumnRain

  • Race: Zerg Zerg
  • Spawn Location: 5:00

VOD

Have the link to the VOD?

Description

Time

  • Played on: July 31, 2018, 12:12 a.m.
  • Length: 13:29
Show
View Real Time Build Order
Export as new Build Order

Reach Terran - Winner!

Build Orders: Reaper Expand, Bio Tank, Hellion Banshee 

Get SALT Encoding   

  12  0:13  SCV  
  13  0:22  Supply Depot  
  13  0:25  SCV  
  14  0:30  Refinery  
  14  0:37  SCV  
  15  0:47  Barracks  
  16  0:50  SCV  
  16  1:02  SCV  
  17  1:14  SCV  
  18  1:26  SCV  
  19  1:35  Reaper  
  19  1:39  Orbital Command  
  20  1:56  Command Center  
  20  2:06  SCV  
  21  2:11  Factory  
  21  2:14  Barracks Reactor  
  21  2:18  SCV  
  22  2:24  Refinery  
  22  2:30  SCV  
  23  3:06  Barracks Tech Lab  
  23  3:07  SCV, Orbital Command  
  23  3:08  Hellion x2  
  28  3:16  Supply Depot  
  28  3:19  SCV  
  29  3:29  Hellion x2  
  29  3:31  Starport, SCV  
  34  3:35  SCV  
  35  3:44  SCV  
  35  3:47  SCV  
  37  3:56  Hellion, SCV  
  37  3:57  Hellion  
  37  4:00  Supply Depot  
  37  4:01  SCV  
  43  4:08  SCV  
  44  4:19  Command Center  
  44  4:24  SCV x2  
  46  4:28  Banshee  
  46  4:30  Cloaking Field  
  49  4:36  SCV  
  50  4:38  Barracks Tech Lab  
  50  4:39  SCV  
  50  4:44  Supply Depot  
  51  4:49  SCV  
  52  4:59  Hellion x2  
  52  5:02  SCV x2  
  52  5:03  Stimpack  
  54  5:08  Supply Depot  
  54  5:13  Supply Depot  
  55  5:14  Marine, SCV  
  55  5:17  Viking  
  55  5:20  SCV  
  59  5:29  Refinery  
  59  5:33  Cyclone  
  59  5:34  Barracks, Cyclone  
  65  5:36  SCV x2  
  65  5:42  Orbital Command  
  67  5:46  Engineering Bay  
  67  5:53  SCV x2  
  69  6:01  Refinery  
  69  6:05  SCV  
  69  6:07  Marauder  
  69  6:09  SCV  
  73  6:14  Barracks  
  73  6:15  Terran Infantry Weapons Level 1  
  73  6:16  Barracks  
  73  6:17  SCV, Engineering Bay  
  74  6:20  Siege Tank  
  77  6:26  SCV  
  77  6:29  SCV  
  77  6:31  Starport Reactor  
  77  6:32  Marine x2, Supply Depot  
  81  6:33  Supply Depot  
  81  6:36  Factory  
  81  6:38  SCV  
  82  6:42  SCV  
  83  6:55  SCV  
  83  6:56  SCV  
  83  6:57  Terran Infantry Armor Level 1  
  83  6:59  Orbital Command  
  85  7:03  Barracks Reactor, Barracks Tech Lab  
  85  7:04  Barracks  
  85  7:11  SCV x2  
  85  7:12  Siege Tank  
  85  7:15  Factory  
  87  7:23  SCV  
  87  7:25  SCV  
  87  7:27  Marine x3  
  87  7:28  Marauder  
  94  7:30  Factory Tech Lab  
  94  7:31  Combat Shields  
  94  7:32  Supply Depot  
  94  7:35  SCV  
  95  7:37  SCV  
  95  7:38  Supply Depot  
  95  7:47  SCV  
  95  7:51  SCV x2  
  96  7:57  Marine x3, Siege Tank x2  
  96  7:58  Marauder x2  
  109  8:02  SCV  
  109  8:03  SCV  
  111  8:08  Barracks Tech Lab, Factory Tech Lab  
  111  8:15  Marine x2, SCV x2  
  111  8:16  Marine  
  111  8:17  Medivac x2  
  111  8:19  Marauder x2  
  124  8:20  SCV  
  125  8:30  SCV x2, Armory  
  125  8:32  SCV  
  124  8:35  Marine x4, Marauder  
  124  8:38  Supply Depot  
  124  8:40  Supply Depot  
  124  8:41  Marauder  
  132  8:44  Marine  
  132  8:46  Siege Tank  
  134  8:53  Marine  
  134  8:54  Refinery  
  131  8:56  Missile Turret, Refinery  
  131  8:57  Marauder, Missile Turret  
  131  8:58  Missile Turret  
  131  9:01  Missile Turret  
  131  9:02  Marine x2  
  133  9:03  Marine, Missile Turret  
  133  9:04  Siege Tank  
  133  9:06  Missile Turret  
  139  9:10  Siege Tank  
  139  9:16  SCV x3  
  145  9:24  Marine x3  
  145  9:25  Marine, Marauder, Supply Depot  
  145  9:27  Supply Depot  
  151  9:31  Supply Depot  
  151  9:37  Siege Tank x2  
  157  9:41  Terran Infantry Weapons Level 2  
  157  9:42  Marine x2  
  157  9:44  Marine  
  155  9:50  Marine x4  
  157  9:58  Terran Infantry Armor Level 2  
  157  9:59  SCV  
  159  10:00  Marine x2, SCV  
  159  10:02  Marine  
  159  10:03  Medivac x2  
  166  10:19  Marine x6  
  172  10:24  Barracks  
  172  10:25  Barracks x2  
  172  10:30  Terran Vehicle Weapons Level 1  
  172  10:35  Command Center  
  159  10:43  Marine x2  
  159  10:44  Marine x2, Marauder  
  159  10:45  Marauder x2, Siege Tank  
  171  11:02  Supply Depot  
  171  11:04  Supply Depot  
  171  11:06  Command Center  
  171  11:07  Supply Depot  
  171  11:12  Supply Depot  
  171  11:14  Marine  
  171  11:15  Marine x6  
  170  11:32  Marine  
  168  11:33  Marine x3  
  168  11:34  Marine, Marauder x2, Siege Tank x2  
  181  11:45  Thor  
  187  11:54  Barracks Reactor x3  
  187  11:58  Ghost Academy  
  187  12:10  Missile Turret  
  187  12:19  Thor x2  
  199  12:27  Planetary Fortress  
  199  13:13  Refinery  
  199  13:24  Command Center  
Show
View Real Time Build Order
Export as new Build Order

AutumnRain Zerg 

Build Orders: Hatch First 

Get SALT Encoding   

  12  0:02  Drone  
  13  0:12  Overlord  
  13  0:18  Drone  
  14  0:31  Drone x2  
  14  0:35  Drone  
  17  0:55  Hatchery  
  16  0:57  Drone  
  17  1:11  Spawning Pool  
  16  1:12  Drone  
  17  1:23  Drone x2  
  19  1:29  Extractor  
  19  1:32  Drone  
  19  1:39  Overlord  
  19  1:57  Queen  
  19  1:58  Zergling x2  
  19  2:01  Zergling x2  
  23  2:07  Queen  
  25  2:09  Drone  
  25  2:11  Drone  
  27  2:19  Drone  
  27  2:22  Drone  
  29  2:38  Zergling x4  
  30  2:44  Spore Crawler  
  29  2:54  Drone x4  
  34  3:02  Metabolic Boost  
  34  3:04  Drone  
  35  3:07  Overlord  
  35  3:14  Overlord  
  35  3:23  Spine Crawler  
  35  3:26  Roach Warren  
  32  3:46  Queen  
  32  3:47  Queen  
  32  3:48  Overlord x3  
  36  3:50  Zergling x6  
  36  3:51  Zergling x2  
  40  3:56  Evolution Chamber  
  39  4:05  Overlord x3  
  39  4:08  Drone  
  39  4:09  Drone  
  41  4:10  Drone  
  41  4:11  Drone  
  41  4:30  Drone x2  
  43  4:31  Drone x2  
  43  4:32  Drone x3  
  47  4:45  Zergling x2  
  47  4:46  Zergling x6  
  46  5:02  Drone x3  
  47  5:07  Extractor x2  
  47  5:09  Extractor  
  44  5:24  Drone x3  
  47  5:34  Drone x2  
  47  5:35  Drone  
  50  5:39  Drone x2  
  50  5:42  Drone  
  53  5:46  Overlord x3  
  53  5:50  Drone x3  
  56  6:03  Lair  
  56  6:06  Hatchery  
  56  6:10  Zerg Missile Weapons Level 1, Zergling x2  
  56  6:11  Zergling x10  
  61  6:13  Hatchery  
  60  6:28  Roach x4  
  68  6:38  Spore Crawler  
  67  6:40  Spore Crawler  
  67  6:46  Spore Crawler x2  
  62  6:53  Roach x7  
  70  7:33  Roach x6  
  70  7:34  Roach x7  
  96  7:59  Spire  
  96  8:00  Overseer  
  96  8:01  Overseer  
  96  8:05  Glial Reconstitution, Zerg Ground Armor Level 1  
  95  8:14  Spore Crawler  
  95  8:15  Drone  
  95  8:16  Drone x8  
  96  8:43  Drone x2  
  96  8:45  Drone x4  
  98  8:57  Drone  
  98  8:58  Drone  
  98  9:00  Drone x16  
  116  9:05  Spine Crawler  
  116  9:07  Spine Crawler, Spore Crawler x2  
  112  9:15  Evolution Chamber  
  111  9:28  Infestation Pit, Drone  
  111  9:30  Drone  
  112  9:32  Drone x3  
  112  9:34  Extractor  
  112  9:37  Extractor  
  112  9:38  Spine Crawler  
  112  9:39  Spine Crawler  
  112  9:40  Spine Crawler, Drone x2  
  112  9:41  Spine Crawler, Drone x3  
  100  9:50  Roach x11  
  98  9:57  Tunneling Claws, Burrow  
  98  9:59  Zerg Missile Weapons Level 2  
  98  10:01  Roach  
  101  10:14  Zergling x20  
  105  10:40  Roach x7  
  105  10:41  Roach x2  
  94  10:44  Hive  
  94  10:47  Pathogen Glands  
  84  10:53  Roach, Infestor x3  
  90  11:24  Hatchery  
  87  11:30  Zergling x18  
  78  11:55  Drone x3  
  81  12:04  Greater Spire  
  81  12:10  Hatchery  
  80  12:29  Roach x10  
  100  12:31  Overlord  
  100  12:32  Overlord x2  
  99  12:44  Infestor x2  
  99  12:45  Infestor  
  85  13:03  Roach x8  
Tags
 
Add a new tag
Caveats
  • Supply blocks, unpowered buildings, or Contaminate may cause inaccurate times.
  • Supply counts are checked every 10 seconds.